 Dungeon Crawl Stone Soup version 0.29.1-13-g9f3cf754e1 (webtiles) character file.

Game seed: 6331664522717484668

135 Thatpatchoflichen the Trooper (level 5, -4/43 HPs)
             Began as a Barachi Fighter on Feb 10, 2023.
             Slain by a gnoll
             ... wielding a +0 whip
              (5 damage)
             ... on level 3 of the Dungeon.
             The game lasted 00:04:03 (3318 turns).

Thatpatchoflichen the Trooper (Barachi Fighter)     Turns: 3318, Time: 00:04:03

Health: -4/43      AC: 10    Str: 17    XL:     5   Next: 18%
Magic:  5/5        EV:  7    Int:  9    God:
Gold:   120        SH:  5    Dex: 13    Spells: 4/4 levels left

rFire   . . .      SeeInvis +   a - +0 long sword
rCold   . . .      Faith    .   c - +0 buckler
rNeg    . . .      Spirit   .   o - +0 chain mail
rPois   .          Reflect  .   (no helmet)
rElec   .          Harm     .   (no cloak)
rCorr   .          Rampage  .   g - +0 pair of gloves
Will    +....                   (no boots)
Stlth   ..........              (no amulet)
HPRegen 0.14/turn               n - ring of Kaitoawk {Will+ SInv}
MPRegen 0.09/turn               (no ring)

@: slow
A: amphibious, slowness 1, strong legs 1, +LOS
a: Hop


You were on level 3 of the Dungeon.
You visited 1 branch of the dungeon, and saw 3 of its levels.

You collected 120 gold pieces.

Inventory:

Hand Weapons
 a - a +0 long sword (weapon)
Armour
 c - a +0 buckler (worn)
 g - a +0 pair of gloves (worn)
 o - a +0 chain mail (worn)
Jewellery
 n - the ring of Kaitoawk (left hand) {Will+ SInv}
   (You found it on level 2 of the Dungeon)

   [ring of willpower]

   SInv:      It lets you see invisible.
   Will:      It increases your willpower.
Scrolls
 e - 2 scrolls of identify {unknown}
 f - 2 scrolls of magic mapping {unknown}
 h - a scroll of vulnerability {unknown}
 i - a scroll of poison {unknown}
 j - a scroll of blinking {unknown}
 l - a scroll of butterflies {unknown}
 m - a scroll of enchant armour {unknown}
Potions
 d - a potion of might
 k - 2 potions of haste {unknown}


   Skills:
 + Level 4.5 Fighting
 + Level 3.4 Long Blades
 + Level 4.4 Armour
 + Level 2.1 Dodging
 + Level 4.0 Shields


You had 4 spell levels left.
You didn't know any spells.
Your spell library was empty.

Dungeon Overview and Level Annotations

Branches:
Dungeon (3/15)

Altars:

Shops:
D:2 !


Innate Abilities, Weirdness & Mutations

You are amphibious.
You cover ground slowly.
You can hop short distances.
You have an extended range of vision and can be seen from far away.


Message History

You barely miss the gnoll.
The gnoll is almost dead.
You block the gnoll's attack. The gnoll hits you but does no damage.
You hit the gnoll.
You kill the gnoll!
The gnoll shoots a sling bullet.
The sling bullet barely misses you.
Your Shields skill increases to level 4!
You have reached level 5!
The gnoll unwields a +0 sling.
The gnoll wields a +0 spear.
The gnoll barely misses you.
Things that are here:
a +0 hand axe; a +0 spear; a gnoll corpse You hit the gnoll.
The gnoll is moderately wounded.
You block the gnoll's attack.
You hit the gnoll but do no damage.
The gnoll is moderately wounded.
You block the gnoll's attack. The gnoll hits you with a +0 spear.
* * * LOW HITPOINT WARNING * * *
You hit the gnoll.
The gnoll is heavily wounded.
You block the gnoll's attack.
You hit the gnoll.
The gnoll is severely wounded.
The gnoll hits you with a +0 spear.
* * * LOW HITPOINT WARNING * * *
You hit the gnoll but do no damage.
The gnoll is heavily wounded.
The gnoll hits you but does no damage.
You hit the gnoll.
The gnoll is severely wounded.
The gnoll barely misses you. The gnoll hits you but does no damage.
You hit the gnoll.
You kill the gnoll!
You barely miss the gnoll. The gnoll hits you with a +0 whip.
* * * LOW HITPOINT WARNING * * *
You barely miss the gnoll. The gnoll hits you with a +0 whip.
* * * LOW HITPOINT WARNING * * *
The gnoll hits you with a +0 whip.
You die...

..## #.# #.#.#
#.....# r##
#.#######.#.#
#####.#
.#####.........#.#
#.#
....g..#########.#
#.# ######.# #.#
##.# #.# #.# #.†#
#.# #.# #.## #g#
#)# #.# #.# #@#
#.# #.# #g# #.#
#.# #.# #.#######
#.# #.# #.......#
.......g....#
#######.#
......g......
...######.#
......###.....
........<.# ..g[
....#####.#####..#
##.### #..#


You could see a gnoll.

Vanquished Creatures
  4 adders
  4 gnolls
  2 dart slugs (D:1)
  An orc (D:3)
  4 endoplasms
  2 giant cockroaches
  4 goblins
  5 hobgoblins
  4 jackals (D:2)
  3 kobolds
  4 quokkas
  5 ball pythons
  3 bats (D:1)
  5 frilled lizards
  5 rats
55 creatures vanquished.

Notes
Turn   | Place    | Note
-------+----------+-------------------------------------------
     0 | D:1      | Thatpatchoflichen the Barachi Fighter began the quest for
                  | the Orb.
     0 | D:1      | Reached XP level 1. HP: 18/18 MP: 1/1
   260 | D:1      | Found a faded altar of an unknown god.
   275 | D:1      | Reached XP level 2. HP: 17/25 MP: 2/2
   683 | D:1      | Reached skill level 1 in Dodging
   728 | D:1      | Reached XP level 3. HP: 29/30 MP: 3/3
  1259 | D:2      | You fall into a shaft and drop 1 floor!
  1596 | D:2      | Identified the ring of Kaitoawk {Will+ SInv}
  1752 | D:2      | Reached XP level 4. HP: 35/37 MP: 4/4
  2069 | D:2      | Found Laar's Distillery.
  3309 | D:3      | Reached XP level 5. HP: 14/43 MP: 5/5
  3318 | D:3      | HP: 1/43 [gnoll/+0 whip (3)]
  3318 | D:3      | Slain by a gnoll

Illustrated notes

Levels and vault maps discovered:
D:1:      eino_arrival_cavern_c, layout_loops_cross,
          hellmonk_ecumenical_altar_crossroads
D:2:      layout_loops_corners, serial_shops, nicolae_shop_stone,
          minmay_stone_trees_small
D:3:      layout_loops_ring

Skill      XL: |  1  2  3  4 |
---------------+-------------+-----
Dodging        | 1 2 |  2.1
Fighting       | 4 |  4.5
Armour         | 4 |  4.4
Long Blades    | 3 |  3.4
Shields        | 4 |  4.0

Action                   |  1- 3 |  4- 6 || total
-------------------------+-------+-------++-------
Melee: Long sword        |   132 |   115 ||   247
Armor: Scale mail        |    66 |       ||    66
       Chain mail        |     3 |    93 ||    96
Dodge: Dodged            |    89 |    50 ||   139
Block: Buckler           |    30 |    24 ||    54
